 Dungeon Crawl Stone Soup version 0.31-a0-277-g31ea1f65cc (webtiles) character file.

Game seed: 10305569198180443281

84674 Newt the Markskobold (level 16, -15/97 HPs)
             Began as a Kobold Hunter on July 15, 2023.
             Was the Champion of Hepliaklqana.
             Killed from afar by a thorn hunter (21 damage)
             ... with a volley of thorns
             ... on level 3 of the Swamp on July 16, 2023.
             The game lasted 00:30:28 (22504 turns).

Newt the Markskobold (Kobold Hunter)               Turns: 22504, Time: 00:30:29

Health: -15/97     AC: 14    Str:  9    XL:     16   Next: 28%
Magic:  34/34      EV: 23    Int: 10    God:    Hepliaklqana [******]
Gold:   1991       SH:  5    Dex: 24    Spells: 25/27 levels left

rFire   . . .        G - +4 sling "Newt's Bane" {heavy, rCorr}
rCold   . . .        I - orb {light}
rNeg    + . .        R - +2 troll leather armour
rPois   +            y - +2 helmet
rElec   +            x - +0 cloak
rCorr   +            D - +1 pair of gloves
SInv    +            V - +0 pair of boots "Reidoyx" {rElec MP+9}
Will    +....        m - amulet "Bydgh" {Reflect *Corrode SH+5 SInv Stlth+}
Stlth   +++          i - ring of positive energy
HPRegen 1.16/turn    B - ring of poison resistance
MPRegen 0.24/turn

%: corrode self (3%), reflection
@: glowing
A: reduced essence, small, no large weapons, nightstalker 3, clumsy 1, mutation
resistance 1
a: Renounce Religion, Recall Ancestor, Ancestor Identity, Transference, Idealise


You were on level 3 of the Swamp.
You worshipped Hepliaklqana.
Hepliaklqana was exalted by your worship.
You visited 4 branches of the dungeon, and saw 19 of its levels.
You also visited: Sewer and Gauntlet.

You collected 2095 gold pieces.
You spent 104 gold pieces at shops.

Inventory:

Hand Weapons
 a - a +3 shortbow
 G - the +4 sling "Newt's Bane" (weapon) {heavy, rCorr}
   (You found it on level 7 of the Dungeon)

   rCorr:     It protects you from acid and corrosion.
Missiles
 C - 3 throwing nets
Armour
 x - a +0 cloak (worn)
 y - a +2 helmet (worn)
 D - a +1 pair of gloves (worn)
 I - an orb of light (worn)
 R - a +2 troll leather armour (worn)
 V - the +0 pair of boots "Reidoyx" (worn) {rElec MP+9}
   (You found it in a Gauntlet)

   rElec:     It insulates you from electricity.
   MP:        It affects your magic capacity (+9).
Jewellery
 i - a ring of positive energy (left hand)
 m - the amulet "Bydgh" (around neck) {Reflect *Corrode SH+5 SInv Stlth+}
   (You found it on level 5 of the Lair of Beasts)

   [amulet of reflection]

   It reflects blocked missile attacks.
   SInv:      It lets you see invisible.
   *Corrode:  It may corrode you when you take damage.
   SH:        It affects your SH (+5).
   Stlth:     It makes you more stealthy.
 w - a ring of resist corrosion
 B - a ring of poison resistance (right hand)
 E - a +5 ring of evasion
 L - a ring of flight
 M - a +4 ring of protection
 U - the amulet "Agoivewn" {Spirit rN+ Str+3}
   (You found it in a Gauntlet)

   [amulet of guardian spirit]

   It causes incoming damage to be divided between your reserves of health and
   magic.
   Str:       It affects your strength (+3).
   rN:        It protects you from negative energy.
Wands
 f - a wand of digging (6)
 r - a wand of light (19)
 z - a wand of mindburst (8)
 F - a wand of flame (40)
 J - a wand of paralysis (4)
 K - a wand of roots (17)
 S - a wand of polymorph (11)
Scrolls
 b - 2 scrolls of identify
 c - a scroll of torment
 d - 3 scrolls of revelation
 k - 2 scrolls of fear
 p - 2 scrolls of enchant armour
 t - a scroll of poison
 u - 7 scrolls of teleportation
 H - a scroll of blinking
 Q - 2 scrolls of summoning
 T - 3 scrolls of enchant weapon
Potions
 e - a potion of lignification
 g - 3 potions of curing
 h - 2 potions of attraction
 j - a potion of brilliance
 l - 2 potions of haste
 n - 4 potions of enlightenment
 o - 2 potions of heal wounds
 q - 2 potions of invisibility
 s - 4 potions of might
 v - a potion of magic
 A - 2 potions of ambrosia
 P - a potion of resistance
 Y - 3 potions of degeneration
Miscellaneous
 N - a tin of tremorstones (1/2)
 O - a box of beasts
 W - a lightning rod (4/4)
 X - a phial of floods


   Skills:
 - Level 15.0 Fighting
 - Level 20.0 Ranged Weapons
 - Level 4.0 Armour
 - Level 10.0 Dodging
 - Level 10.0 Stealth
 - Level 6.1 Spellcasting
 - Level 6.1 Transmutations
 - Level 9.0 Invocations
 + Level 11.5 Evocations


You had 25 spell levels left.
You knew the following spells:

 Your Spells              Type           Power      Damage    Failure   Level
a - Wereblood             Tmut           15%        N/A       3%          2

Your spell library contained the following spells:

 Spells                   Type           Power      Damage    Failure   Level
 Sting                    Tmut/Pois      36%        1d4       8%          1
 Freeze                   Ice            12%        1d3       28%         1
 Magic Dart               Conj           12%        1d3       28%         1
 Shock                    Conj/Air       12%        1d3       28%         1
 Summon Small Mammal      Summ           12%        N/A       28%         1
 Blink                    Tloc           6%         N/A       38%         2
 Call Imp                 Summ           6%         N/A       38%         2
 Cigotuvi's Dreadful Rot  Necr/Pois/Air  6%         N/A       38%         2
 Ensorcelled Hibernation  Hex/Ice        6%         N/A       38%         2
 Poisonous Vapours        Pois/Air       6%         N/A       38%         2
 Sublimation of Blood     Necr           3%         N/A       38%         2
 Petrify                  Tmut/Erth      9%         N/A       61%         4
 Call Canine Familiar     Summ           3%         N/A       63%         3
 Mephitic Cloud           Conj/Pois/Air  3%         N/A       63%         3
 Stone Arrow              Conj/Erth      6%         3d7       63%         3
 Swiftness                Air            3%         N/A       63%         3
 Irradiate                Conj/Tmut      4%         3d13      91%         5
 Airstrike                Air            1%         2d(1-17)  95%         4
 Anguish                  Hex/Necr       1%         N/A       95%         4
 Animate Armour           Summ/Erth      6%         N/A       95%         4
 Animate Dead             Necr           3%         N/A       95%         4
 Dispel Undead            Necr           3%         3d7       95%         4
 Manifold Assault         Tloc           3%         N/A       95%         4
 Olgreb's Toxic Radiance  Pois           3%         N/A       95%         4
 Fireball                 Conj/Fire      1%         3d3       100%        5
 Iskenderun's Battlesphe  Conj           3%         2d6       100%        5
 Summon Mana Viper        Hex/Summ       3%         N/A       100%        5
 Conjure Ball Lightning   Conj/Air       1%         3x3d6     100%        6
 Death Channel            Necr           1%         N/A       100%        6
 Haunt                    Necr/Summ      1%         N/A       100%        7
 Orb of Destruction       Conj           1%         9d5       100%        7
 Summon Hydra             Summ           1%         N/A       100%        7
 Infestation              Necr           1%         N/A       100%        8
 Lehudib's Crystal Spear  Conj/Erth      1%         10d2      100%        8
 Dragon's Call            Summ           1%         N/A       100%        9


Dungeon Overview and Level Annotations

Branches:
Dungeon (9/15)             Temple (0/1) D:5            Lair (5/5) D:9
  Swamp (3/4) Lair:2       Spider (0/4) Lair:2        Slime (0/5) Lair:4
    Orc (2/2) D:9             Elf (0/3) Orc:2         Sewer (visited)
Gauntlet (visited)

Altars:
Ashenzari
Cheibriados
Dithmenos
Elyvilon
Hepliaklqana
Kikubaaqudgha
Ru
Vehumet
Xom

Shops:
D:4 ?   Orc:1 *   Orc:2 :(((

Annotations:
Swamp:1 2 transporters, spiderkeys's ghost, adept DsWn


Innate Abilities, Weirdness & Mutations

Your life essence is reduced to manifest your ancestor. (-10% HP)
You are small and have problems with some larger weapons.
You are completely attuned to the shadows.
You are clumsy. (Dex -2)
You are somewhat resistant to further mutation.


Message History

* * * LOW HITPOINT WARNING * * *
You are too injured to fight recklessly!
Unknown command.
Okay, then.
Aiming: Paralyse
Press: ? - help, Shift-Dir - straight line, f/p - thorn hunter
Aim: a thorn hunter (heavily damaged, ally target, haloed, chance to affect: 12%)
Okay, then.
The tremorstone explodes into fragments!
Demetirus avoids your attack.
The burst of rock shards engulfs the thorn hunter!
The burst of rock shards engulfs you but does no damage.
Demetirus avoids your attack.
The burst of rock shards engulfs the thorn hunter.
The burst of rock shards engulfs you!!
* * * LOW HITPOINT WARNING * * *
The burst of rock shards engulfs the thorn hunter!
Demetirus avoids your attack.
The burst of rock shards engulfs the thorn hunter.
Demetirus avoids your attack.
The thorn hunter gestures.
Unknown command.
Unknown command.
Aiming: Bolt of Light
Press: ? - help, Shift-Dir - straight line, f/p - thorn hunter
Aim: a thorn hunter (almost destroyed, ally target, haloed, 85% to hit)
The bolt of light misses the thorn hunter.
Demetirus hits the thorn hunter with a +0 broad axe of flaming.
Demetirus burns the thorn hunter.
The thorn hunter hits Demetirus!
The thorn hunter barely misses Demetirus.
Unknown command.
Okay, then.
Fire: G) +4 sling "Newt's Bane" {heavy, rCorr}
Press: ? - help, Shift-Dir - straight line, f/p - thorn hunter
Aim: a thorn hunter (almost destroyed, not watching you, ally target, haloed, 89% to hit)
You shoot a sling bullet. The sling bullet hits the thorn hunter.
The thorn hunter is almost destroyed.
The thorn hunter fires a volley of thorns at you.
The volley of thorns hits you!!
You die...

♣~.♣♣ ♣~[.♣~.~~.♣♣....
♣♣~.♣♣♣.~~..~..♣♣....#
♣.~.♣♣.~~...♣♣♣~...§..
~~♣♣~.....≈≈........~.~
~.~
♣§....≈≈≈≈≈.~~~.~.~. .~
..♣♣..≈≈≈≈≈≈≈~~.~~~..
♣♣~♣...≈≈≈≈≈≈.~~...[..
♣♣...≈≈≈≈≈....~..~~~~
♣...@≈≈≈≈ ~~..
♣.~R.≈≈≈≈ ~~~~f≈≈≈≈
♣.~~~.≈≈≈ ♣~......≈


You could see the friendly Demetirus the knight and a thorn hunter (ally
target).

Vanquished Creatures
  Louise (Swamp:2)
  2 eleionomae (Swamp:2)
  2 bunyips
  A minotaur (Gauntlet)
  3 hydras
  A two-headed ogre (Orc:2)
  A catoblepas (Lair:1)
  2 ghost crabs
  7 alligators
  5 death yaks
  A spriggan berserker (Swamp:2)
  Urug (Lair:4)
  3 orc high priests (Orc:2)
  A skyshark (Lair:5)
  3 goliath frogs
  3 spriggan druids
  11 bog bodies
  Pikel (D:8)
  A necromancer (Gauntlet)
  4 orc knights
  3 will-o-the-wisps
  6 elephants
  3 orc sorcerers (Orc:2)
  6 black mambas
  4 cane toads
  A kobold demonologist (D:6)
  A rime drake (Lair:1)
  6 komodo dragons
  A bloated husk (Swamp:2)
  A polar bear (Lair:5)
  9 hornets
  2 trolls
  2 raiju (Gauntlet)
  9 blink frogs
  3 tyrant leeches
  8 dream sheep
  3 jumping spiders (Lair:2)
  3 culicivoras (Lair:2)
  11 spriggans
  3 wraiths (Lair:4)
  2 wyverns
  31 yaks
  3 basilisks
  A steam dragon (D:8)
  A redback (Lair:2)
  3 vampire mosquitoes
  A warg (D:9)
  12 swamp worms
  Menkaure (D:6)
  9 water moccasins
  Duvessa (D:6)
  16 orc warriors
  2 swamp drakes
  7 black bears
  3 ogres
  A sky beast (D:6)
  27 wolves
  2 boggarts (Lair:5)
  4 centaurs
  2 phantoms (D:5)
  Blork the orc (D:6)
  A kobold brigand (Sewer)
  5 bullfrogs
  2 gnoll sergeants
  3 scorpions (D:5)
  14 wights
  Dowan (D:6)
  12 killer bees
  4 jellies
  10 orc priests
  3 hounds
  A sleepcap (D:5)
  Ijyb (D:5)
  4 iguanas
  2 lightning spires (Gauntlet)
  20 orc wizards
  Robin (D:4)
  14 gnolls
  12 adders
  5 shadow imps (D:6)
  4 white imps
  3 worms
  2 dart slugs
  60 orcs
  3 ball pythons
  A bat (D:2)
  7 endoplasms
  4 giant cockroaches
  19 goblins
  9 hobgoblins
  6 jackals
  4 quokkas
  A frilled lizard (D:1)
  17 kobolds
  5 rats
529 creatures vanquished.

Vanquished Creatures (collateral kills)
  2 bunyips
  Josephine (Lair:4)
  A shambling mangrove (Swamp:3)
  A catoblepas (Lair:2)
  2 ghost crabs
  A hydra (Lair:5)
  A death yak (Lair:3)
  A skyshark (Lair:4)
  A bog body (Swamp:2)
  A swamp dragon (Swamp:3)
  An orc knight (Orc:2)
  2 elephants
  A torpor snail (Lair:1)
  A cane toad (Lair:2)
  4 komodo dragons
  A rime drake (Lair:5)
  2 trolls
  2 polar bears
  A tyrant leech (Swamp:3)
  A bloated husk (Swamp:3)
  2 hornets
  2 dream sheep (Lair:4)
  3 spriggans (Lair:5)
  A wraith (Lair:4)
  6 yaks
  3 basilisks
  4 vampire mosquitoes
  A warg (Orc:2)
  A swamp worm (Swamp:2)
  9 water moccasins
  5 orc warriors
  2 black bears
  An ogre (Orc:1)
  A boggart (Lair:5)
  8 wolves
  A centaur (D:9)
  2 lemures (D:8)
  2 bullfrogs
  2 gnoll sergeants
  2 wights
  A killer bee (D:7)
  3 orc priests
  A sleepcap (D:7)
  5 orc wizards
  4 gnolls
  8 orcs
  An endoplasm (Lair:4)
109 creatures vanquished.

Vanquished Creatures (others)
  A bloated husk (Swamp:3)
  A swamp worm (Swamp:1)
  A necrophage (Swamp:2)
  10 knights
  3 ancestors (D:6)
  6 foxfires
22 creatures vanquished.

Grand Total: 660 creatures vanquished

Notes
Turn   | Place    | Note
-------+----------+-------------------------------------------
     0 | D:1      | Newt the Kobold Hunter began the quest for the Orb.
     0 | D:1      | Reached XP level 1. HP: 12/12 MP: 1/1
   302 | D:1      | Reached XP level 2. HP: 18/18 MP: 2/2
   435 | D:1      | Reached XP level 3. HP: 19/23 MP: 3/3
  1198 | D:2      | Reached XP level 4. HP: 29/29 MP: 4/4
  1400 | D:2      | Reached skill level 6 in Ranged Weapons
  1700 | D:2      | Found a faded altar of an unknown god.
  2104 | D:3      | Found a glowing drain.
  2114 | D:3      | Reached XP level 5. HP: 27/33 MP: 5/5
  2121 | D:3      | Reached skill level 7 in Ranged Weapons
  2236 | Sewer    | Entered a sewer
  2335 | Sewer    | Noticed a kobold brigand
  2342 | Sewer    | Killed a kobold brigand
  2343 | Sewer    | Reached skill level 8 in Ranged Weapons
  2343 | Sewer    | Reached XP level 6. HP: 29/38 MP: 6/6
  2412 | Sewer    | Found a glowing silver altar of Zin.
  3019 | D:3      | Found a hazy altar of Hepliaklqana.
  3021 | D:3      | Found a shimmering altar of Xom.
  3023 | D:3      | Noticed an ice beast
  3023 | D:3      | Noticed a spectral ugly thing
  3099 | D:3      | Became a worshipper of Hepliaklqana the Forgotten
  3316 | D:4      | Found Itramuk's Magic Scroll Shop.
  3319 | D:4      | Bought a scroll of identify for 22 gold pieces
  3319 | D:4      | Bought a scroll of enchant weapon for 82 gold pieces
  3335 | D:4      | Reached skill level 9 in Ranged Weapons
  3344 | D:4      | Noticed Robin
  3351 | D:4      | Killed Robin
  3551 | D:4      | Reached XP level 7. HP: 43/43 MP: 7/7
  3888 | D:4      | Found a shadowy altar of Dithmenos.
  4115 | D:5      | Entered Level 5 of the Dungeon
  4186 | D:5      | Reached skill level 10 in Ranged Weapons
  4219 | D:5      | Noticed Ijyb
  4241 | D:5      | Killed Ijyb
  4286 | D:5      | Reached skill level 5 in Dodging
  4345 | D:5      | Reached XP level 8. HP: 45/48 MP: 8/8
  4447 | D:5      | Found a staircase to the Ecumenical Temple.
  4473 | D:5      | Reached skill level 5 in Fighting
  4999 | D:5      | Reached * piety under Hepliaklqana
  5057 | D:5      | Found a sacrificial altar of Ru.
  5254 | D:6      | Noticed Blork the orc
  5259 | D:6      | Killed Blork the orc
  5260 | D:6      | Reached skill level 1 in Armour
  5605 | D:6      | Reached XP level 9. HP: 41/49 MP: 9/9
  5646 | D:6      | Found a snail-covered altar of Cheibriados.
  5824 | D:6      | Noticed Duvessa
  5828 | D:6      | Noticed Dowan
  5838 | D:6      | Killed Duvessa
  5841 | D:6      | Killed Dowan
  5922 | D:6      | Noticed a kobold demonologist
  5950 | D:6      | Reached skill level 11 in Ranged Weapons
  6215 | D:6      | Found a white marble altar of Elyvilon.
  6265 | D:6      | Found a transporter.
  6291 | D:6      | Noticed Menkaure
  6297 | D:6      | Reached skill level 12 in Ranged Weapons
  6298 | D:6      | Killed Menkaure
  6443 | D:6      | Found a transporter.
  6458 | D:6      | Reached ** piety under Hepliaklqana
  6459 | D:6      | Remembered your ancestor Demetirus as a knight
  6645 | D:6      | Killed a kobold demonologist
  6646 | D:6      | Reached skill level 13 in Ranged Weapons
  6728 | D:7      | Reached XP level 10. HP: 45/54 MP: 10/10
  6780 | D:7      | Reached skill level 14 in Ranged Weapons
  7106 | D:7      | Found an ancient bone altar of Kikubaaqudgha.
  7139 | D:7      | Reached skill level 5 in Evocations
  7193 | D:7      | Identified the +4 sling "Newt's Bane" {heavy, rCorr}
  7774 | D:8      | Reached skill level 5 in Stealth
  8130 | D:8      | Noticed Pikel
  8136 | D:8      | Killed Pikel
  8511 | D:8      | Found a radiant altar of Vehumet.
  8727 | D:8      | Found a broken altar of Ashenzari.
  9205 | D:9      | Reached XP level 11. HP: 19/61 MP: 11/11
  9349 | D:9      | Learned a level 2 spell: Wereblood
  9358 | D:9      | Reached *** piety under Hepliaklqana
  9374 | D:9      | Reached skill level 10 in Fighting
  9379 | D:9      | Reached skill level 1 in Spellcasting
  9379 | D:9      | Reached skill level 1 in Transmutations
  9582 | D:9      | Identified the +8 spear of Floods {heavy, Fly rN+ Str+2}
  9673 | D:9      | Found a staircase to the Orcish Mines.
  9686 | D:9      | Found a staircase to the Lair.
 10505 | Lair:1   | Entered Level 1 of the Lair of Beasts
 10682 | Lair:1   | Reached skill level 5 in Spellcasting
 10682 | Lair:1   | Reached skill level 5 in Transmutations
 10698 | Lair:1   | Reached XP level 12. HP: 39/69 MP: 18/20
 10839 | Lair:1   | Noticed a catoblepas
 10851 | Lair:1   | Killed a catoblepas
 11160 | Lair:1   | Reached **** piety under Hepliaklqana
 11664 | Lair:2   | Found a staircase to the Swamp.
 11767 | Lair:2   | Noticed a catoblepas
 11780 | Lair:2   | Killed a catoblepas
 12001 | Lair:2   | Reached skill level 10 in Evocations
 12146 | Lair:2   | Found a hole to the Spider Nest.
 12343 | Lair:2   | Noticed a death yak
 12347 | Lair:2   | Noticed a death yak
 12350 | Lair:2   | Killed a death yak
 12352 | Lair:2   | Noticed a death yak
 12738 | Lair:2   | Killed a death yak
 12739 | Lair:2   | Reached skill level 15 in Ranged Weapons
 12744 | Lair:2   | Killed a death yak
 13223 | Lair:3   | Reached XP level 13. HP: 73/73 MP: 22/22
 13269 | Lair:3   | Found a gate leading to a gauntlet.
 13273 | Gauntlet | Entered a Gauntlet
 13273 | Gauntlet | Found a transporter.
 13307 | Gauntlet | Found a transporter.
 13315 | Gauntlet | Found a transporter.
 13321 | Gauntlet | Found a transporter.
 13343 | Gauntlet | Found a transporter.
 13355 | Gauntlet | Found a transporter.
 13367 | Gauntlet | Found a transporter.
 13394 | Gauntlet | Found a transporter.
 13406 | Gauntlet | Found a transporter.
 13418 | Gauntlet | Found a transporter.
 13440 | Gauntlet | Found a transporter.
 13451 | Gauntlet | Noticed a catoblepas
 13452 | Gauntlet | Found a transporter.
 13461 | Gauntlet | Found a transporter.
 13637 | Gauntlet | Noticed a dire elephant
 13716 | Gauntlet | Found a transporter.
 13724 | Gauntlet | Reached skill level 16 in Ranged Weapons
 13750 | Gauntlet | Found a transporter.
 13757 | Gauntlet | Found a transporter.
 13761 | Gauntlet | Found a transporter.
 13893 | Gauntlet | Identified the amulet "Agoivewn" {Spirit rN+ Str+3}
 14025 | Gauntlet | Noticed a minotaur
 14033 | Gauntlet | HP: 2/73 [minotaur/+2 heavy glaive (29)]
 14037 | Gauntlet | Killed a minotaur
 14038 | Gauntlet | Reached skill level 17 in Ranged Weapons
 14158 | Gauntlet | Identified the +0 pair of boots "Reidoyx" {rElec MP+9}
 14159 | Gauntlet | Got Buhiseo's Verses on Freezing and the Escort
 14264 | Lair:3   | Noticed a five-headed hydra
 14272 | Lair:3   | Killed a five-headed hydra
 14392 | Lair:3   | Reached skill level 18 in Ranged Weapons
 14590 | Lair:3   | Reached ***** piety under Hepliaklqana
 14799 | Lair:3   | Noticed a six-headed hydra
 14804 | Lair:3   | Killed a six-headed hydra
 14806 | Lair:3   | Identified the amulet of Pemm {Spirit rN+}
 15204 | Lair:4   | Reached skill level 5 in Invocations
 15237 | Lair:4   | Noticed Josephine
 15240 | Lair:4   | Noticed a four-headed hydra
 15280 | Lair:4   | Killed a four-headed hydra
 15409 | Lair:4   | Noticed Urug
 15420 | Lair:4   | Killed Urug
 15511 | Lair:4   | Killed Josephine
 15582 | Lair:4   | Reached XP level 14. HP: 60/79 MP: 23/23
 16035 | Lair:4   | Found a staircase to the Slime Pits.
 16050 | Lair:4   | Identified the +1 whip "Orb Guardian's Doom" {freeze, Dex+6
                  | Stlth-}
 16079 | Lair:4   | Identified the -2 cloak "Anesch" {Str+3 Int-5 Dex+3}
 16534 | Lair:5   | Entered Level 5 of the Lair of Beasts
 16555 | Lair:5   | Gained mutation: You have a pair of small horns on your
                  | head. [potion of mutation]
 16555 | Lair:5   | Gained mutation: You have sharp toenails. [potion of
                  | mutation]
 16556 | Lair:5   | Lost mutation: You have sharp toenails. [potion of
                  | mutation]
 16556 | Lair:5   | Lost mutation: You have a pair of small horns on your head.
                  | [potion of mutation]
 16556 | Lair:5   | Gained mutation: You are somewhat resistant to further
                  | mutation. [potion of mutation]
 16556 | Lair:5   | Gained mutation: You are clumsy. (Dex -2) [potion of
                  | mutation]
 16725 | Lair:5   | Reached skill level 10 in Dodging
 17112 | Lair:5   | Reached skill level 19 in Ranged Weapons
 17197 | Lair:5   | Identified the amulet "Bydgh" {Reflect *Corrode SH+5 SInv
                  | Stlth+}
 18065 | Orc:1    | Entered Level 1 of the Orcish Mines
 18076 | Orc:1    | Found Voinuih's Gadget Gallery.
 18194 | Orc:1    | Reached skill level 20 in Ranged Weapons
 18476 | Orc:2    | Entered Level 2 of the Orcish Mines
 18554 | Orc:2    | Found a staircase to the Elven Halls.
 18764 | Orc:2    | Reached XP level 15. HP: 43/83 MP: 24/24
 19168 | Orc:2    | Paralysed by an orc sorcerer for 3 turns
 19203 | Orc:2    | Found Nieset's Weapon Boutique.
 19203 | Orc:2    | Found Qenk's Book Shoppe.
 19205 | Orc:2    | Found Kiamaqo's Weapon Boutique.
 19205 | Orc:2    | Found Detal's Weapon Shoppe.
 19569 | Swamp:1  | Entered Level 1 of the Swamp
 19661 | Swamp:1  | Reached ****** piety under Hepliaklqana
 19689 | Swamp:1  | Noticed a tentacled monstrosity
 19691 | Swamp:1  | Noticed a tentacled starspawn
 20094 | Swamp:1  | Noticed a tentacled starspawn
 20120 | Swamp:1  | Found a transporter.
 20121 | Swamp:1  | Found a transporter.
 20129 | Swamp:1  | Noticed spiderkeys's ghost (adept DsWn)
 20643 | Swamp:2  | Noticed Louise
 20650 | Swamp:2  | Killed Louise
 21090 | Swamp:2  | Reached skill level 15 in Fighting
 21694 | Swamp:2  | Reached XP level 16. HP: 97/97 MP: 25/25
 21845 | Swamp:3  | Reached skill level 10 in Stealth
 22497 | Swamp:3  | Noticed a thorn hunter
 22502 | Swamp:3  | HP: 3/97 [shot self (20)]
 22504 | Swamp:3  | Killed from afar by a thorn hunter

Illustrated notes

Levels and vault maps discovered:
D:1:      dpeg_arrival_ternary, layout_loops_cross
D:2:      layout_loops_corners, ebering_ecumenical_altar_sacrificial,
          serial_park_tiny_1, dreamdust_mushroom_princess
D:3:      layout_basic, regret_index_temple_of_mockery, gup_sewer_entry_glass
D:4:      layout_rooms, grunt_dithmenos_smoke_and_mirrors, serial_shops,
          kennysheep_mini_moat, solitary_fountain, moated_statue,
          minmay_fractal_squares_5, uniq_robin
D:5:      nicolae_cairo_tiling_large, layout_rooms,
          nicolae_ru_the_path_less_chosen, temple_fountains, uniq_ijyb
D:6:      gammafunk_wand_slinger, layout_loops_ring,
          mainiacjoe_overflow_six_doors_small, cheibriados_altar_1,
          kennysheep_small_square, uniq_menkaure, uniq_duvessa,
          uniq_blork_the_orc
D:7:      layout_cave_pools, mainiacjoe_overflow_alcove_1
D:8:      layout_layer_cave, nicolae_ashenzari_skybound, vehumet_altar_wand_db,
          uniq_pikel
D:9:      layout_basic, minmay_lair_entry_grove, david_orc_3, grunt_ministairs_7
Lair:1:   layout_chaotic_city
Lair:2:   layout_small_grid, swamp_mist, nicolae_spider_entry_tight_spaces
Lair:3:   layout_loops_ring, gauntlet_entry_generic, grunt_megastairs_4
Lair:4:   layout_regular_city, nicolae_slime_entry_slimehenge,
          beast_lair_carwin_1, grunt_megastairs_1, infiniplex_staircase_pool_2,
          uniq_urug, uniq_josephine
Lair:5:   minmay_lair_end_enchanted_forest, layout_misc_corridors,
          serial_bayou_pond_e
Swamp:1:  layout_basic_swamp, gammafunk_ghost_abyssal_escape,
          hangedman_swamp_ruin_wall
Swamp:2:  layout_basic_swamp, serial_swamp_ruin, evilmike_swamp_ruin_house_5,
          evilmike_swamp_ruin_house_1, swamp_pool2, st_shrine_of_shade,
          uniq_louise
Swamp:3:  layout_basic_swamp, evilmike_swamp_ruin_rubble_2,
          infiniplex_staircase_pool
Orc:1:    layout_caves, nicolae_shop_gadgets
Orc:2:    grunt_orc_tribal_feast, layout_caves

Skill      XL: |  1  2  3  4  5  6  7  8  9 10 11 12 13 14 15 16 |
---------------+-------------------------------------------------+-----
Fighting       | 3 4 6 8 10 15 | 15.0
Ranged Weapons | 6 8 9 10 13 14 15 18 20 | 20.0
Dodging        | 5 6 10 | 10.0
Armour         | 3 4 |  4.0
Evocations     | 6 10 11 | 11.5
Stealth        | 6 8 10 | 10.0
Spellcasting   | 5 6 |  6.1
Transmutations | 5 6 |  6.1
Invocations    | 8 9 |  9.0

Action                     |  1- 3 |  4- 6 |  7- 9 | 10-12 | 13-15 | 16-18 || total
---------------------------+-------+-------+-------+-------+-------+-------++-------
   Fire: Shortbow          |    70 |   179 |   334 |    93 |       |       ||   676
         Sling             |       |       |       |   403 |   978 |    90 ||  1471
   Cast: Wereblood         |       |       |       |     4 |    19 |       ||    23
 Invoke: Ancestor Life: Kn |       |       |     1 |       |       |       ||     1
         Recall Ancestor   |       |       |       |     3 |     1 |       ||     4
         Transference      |       |       |       |       |     1 |       ||     1
  Evoke: Wand              |       |       |       |     1 |     9 |     1 ||    11
         Lightning rod     |       |       |       |       |     3 |       ||     3
         Phial of floods   |       |       |       |       |     1 |       ||     1
         Tin of tremorston |       |       |       |       |       |     1 ||     1
    Use: Scroll            |     2 |     6 |     5 |    10 |     7 |       ||    30
         Potion            |       |       |       |     2 |     7 |       ||     9
 Armour: Leather armour    |    10 |    10 |    34 |    17 |       |       ||    71
         Skin              |       |       |       |     1 |       |       ||     1
         Troll leather arm |       |       |       |    57 |   172 |     1 ||   230
         Steam dragon scal |       |       |       |     9 |       |       ||     9
  Dodge: Dodged            |    16 |    59 |    96 |   254 |   502 |    24 ||   951
  Block: Orb               |       |       |       |       |    44 |    10 ||    54
         Reflection        |       |       |       |       |     2 |       ||     2

Table legend: (Time is in decaauts)
 A = Elapsed time spent in this place.
 B = Non-inter-level travel time spent in this place.
 C = Inter-level travel time spent in this place.
 D = Time resting spent in this place.
 E = Time spent auto-exploring this place.
 F = Levels seen in this place.
 G = Mean time per level.
                   A        B        C        D        E       F      G
               +--------+--------+--------+--------+--------+-----+--------+
         Total |  22760 |  21853 |    907 |   4029 |  14158 |  21 | 1083.8 |
       Dungeon |  10299 |   9729 |    570 |   1594 |   6866 |   9 | 1144.3 |
          Lair |   6755 |   6513 |    242 |    795 |   4498 |   5 | 1351.0 |
         Swamp |   3071 |   3014 |     57 |   1048 |   1472 |   3 | 1023.7 |
  Orcish Mines |   1482 |   1445 |     37 |    277 |    799 |   2 |  741.0 |
         Sewer |    247 |    247 |      0 |     46 |    151 |   1 |  247.0 |
      Gauntlet |    904 |    904 |      0 |    269 |    371 |   1 |  904.0 |
               +--------+--------+--------+--------+--------+-----+--------+

Top non-repeatable levels by time:
     D:6: 1567 daAuts
  Lair:4: 1552 daAuts
     D:9: 1451 daAuts
  Lair:1: 1408 daAuts
  Lair:2: 1378 daAuts
  Lair:5: 1361 daAuts
     D:5: 1358 daAuts
 Swamp:2: 1327 daAuts
     D:2: 1265 daAuts
     D:8: 1161 daAuts
   Orc:2: 1060 daAuts
  Lair:3: 1054 daAuts
     D:4: 1001 daAuts
 Swamp:3: 954 daAuts
     D:3: 920 daAuts
